[Event "ESTCC-50 2025"]
[Site "Swidnica"]
[Date "2025.04.07"]
[Round "3.1"]
[White "Zeidler, Sven P."]
[Black "Laszewicz, Pawel"]
[Result "0-1"]
[Annotator "RC"]
[ECO "C00"]
[WhiteElo "2143"]
[BlackElo "2011"]
[PlyCount "139"]
[EventDate "2025.04.05"]
[EventType "team-tourn"]
[EventCountry "POL"]
[SourceTitle "playchess.com"]
[Source "ChessBase"]
[SourceQuality "1"]
[WhiteTeam "Wales"]
[BlackTeam "Poland"]
[WhiteTeamCountry "WLS"]
[BlackTeamCountry "POL"]
[TimeControl "40/5400+30:1800+30"]

1. e4 e6 2. d4 c5 3. d5 Nf6 4. Nc3 d6 5. Nf3 exd5 6. exd5 Be7 7. Be2 O-O 8. O-O Na6 9. Bxa6 bxa6 10. Nd2 Bf5 11. Nc4 Re8 12. h3 h6 13. Bf4 Qc7 14. Ne3 Bg6 15. Ne2 Bf8 16. g4 Re4 17. f3 Rb4 18. b3 Re8 19. c4 Qe7 20. Ng3 Nd7 21. Nef5 Bxf5 22. Nxf5 Qf6 23. Bd2 Rbb8 24. Rc1 g6 25. Bc3 Qd8 26. Ng3 Qh4 27. Kg2 Nf6 28. Qd2 Bg7 29. Rce1 Nh7 30. f4 Bxc3 31. Qxc3 Qf6 32. Qxf6 Nxf6 33. g5 hxg5 34. fxg5 Nd7 35. Ne4 Rb6 36. Nf6+ Nxf6 37. gxf6 Rbb8 38. Kf3 Kf8 39. Kf4 a5 40. Kg5 a4 41. bxa4 Rxe1 42. Rxe1 Rb2 43. Re3 Rf2 44. Re7 Rf5+ 45. Kg4 Rxf6 46. Rxa7 Rf2 47. h4 Kg7 48. h5 gxh5+ 49. Kxh5 Kf6 50. a5 Rxa2 51. a6 Ra4 52. Kh6 Rxc4 53. Kh7 Ke5 54. Rxf7 Kxd5 55. a7 Ra4 56. Kg6 c4 57. Kf5 Kd4 58. Rd7 d5 59. Rb7 Kd3 60. Ke5 d4 61. Rd7 Kc3 62. Rxd4 Rxa7 63. Rd8 Kc2 64. Kd4 c3 65. Rh8 Ra4+ 66. Ke3 Kc1 67. Kd3 c2 68. Rh1+ Kb2 69. Rh2 Ra3+ 70. Kd4 0-1

[Event "ESTCC-50 2025"]
[Site "Swidnica"]
[Date "2025.04.07"]
[Round "3.2"]
[White "Machlowski, Slawomir"]
[Black "Adams, Mark"]
[Result "1/2-1/2"]
[Annotator "NA RC"]
[ECO "A00"]
[WhiteElo "1963"]
[BlackElo "1916"]
[PlyCount "35"]
[EventDate "2025.04.05"]
[EventType "team-tourn"]
[EventCountry "POL"]
[SourceTitle "playchess.com"]
[Source "ChessBase"]
[SourceQuality "1"]
[WhiteTeam "Czech Republic"]
[BlackTeam "Wales"]
[WhiteTeamCountry "CZE"]
[BlackTeamCountry "WLS"]
[TimeControl "40/5400+30:1800+30"]

1. g3 e5 2. c4 Nf6 3. Bg2 d5 4. cxd5 Nxd5 5. Nf3 Nc6 6. O-O Be7 7. d4 exd4 8. Nxd4 Nxd4 9. Qxd4 Nf6 10. Qa4+ c6 11. Rd1 Qb6 12. Be3 Bc5 13. Bxc5 Qxc5 14. Qa3 Qxa3 15. Nxa3 Be6 16. Nc2 O-O 17. e4 Rad8 18. b3 1/2-1/2

[Event "ESTCC-50 2025"]
[Site "Swidnica"]
[Date "2025.04.07"]
[Round "3.3"]
[White "Van Kemenade, Rudy"]
[Black "Kruczynski, Marek"]
[Result "1-0"]
[Annotator "NA RC"]
[ECO "A02"]
[WhiteElo "1945"]
[BlackElo "1862"]
[PlyCount "74"]
[EventDate "2025.04.05"]
[EventType "team-tourn"]
[EventCountry "POL"]
[SourceTitle "playchess.com"]
[Source "ChessBase"]
[SourceQuality "1"]
[WhiteTeam "Wales"]
[BlackTeam "Poland"]
[WhiteTeamCountry "WLS"]
[BlackTeamCountry "POL"]
[TimeControl "40/5400+30:1800+30"]

1. f4 b6 2. e4 Bb7 3. d3 e6 4. Nf3 d5 5. Nbd2 dxe4 6. dxe4 Nf6 7. Bb5+ c6 8. Bd3 Qc7 9. e5 Nd5 10. Ne4 b5 11. a3 Nd7 12. b3 Nc5 13. Nxc5 Bxc5 14. c4 bxc4 15. bxc4 Nb6 16. Qe2 Ba6 17. a4 O-O-O 18. a5 Rxd3 19. axb6 Qxb6 20. Qxd3 Rd8 21. Qc2 Bb4+ 22. Ke2 c5 23. Rd1 Rxd1 24. Kxd1 Bb7 25. Qd3 a5 26. Ke2 Bc6 27. Qd6 Bxf3+ 28. Kxf3 Qxd6 29. exd6 Kd7 30. Ba3 Kxd6 31. Bxb4 axb4 32. Ke4 f5+ 33. Kd3 g5 34. g3 h6 35. Ra7 h5 36. fxg5 e5 37. g6 e4+ 1-0

[Event "ESTCC-50 2025"]
[Site "Swidnica"]
[Date "2025.04.07"]
[Round "3.4"]
[White "Szydelko, Kazimierz"]
[Black "Hughes, Anthony"]
[Result "0-1"]
[Annotator "RC"]
[ECO "D50"]
[WhiteElo "1798"]
[BlackElo "1911"]
[PlyCount "88"]
[EventDate "2025.04.05"]
[EventType "team-tourn"]
[EventCountry "POL"]
[SourceTitle "playchess.com"]
[Source "ChessBase"]
[SourceQuality "1"]
[WhiteTeam "Poland"]
[BlackTeam "Wales"]
[WhiteTeamCountry "POL"]
[BlackTeamCountry "WLS"]
[TimeControl "40/5400+30:1800+30"]

1. d4 d5 2. c4 e6 3. Nc3 Nf6 4. Bg5 dxc4 5. e4 c5 6. d5 Be7 7. Bxf6 Bxf6 8. Bxc4 exd5 9. exd5 O-O 10. Nge2 Nd7 11. O-O Ne5 12. Bb3 Bf5 13. Bc2 Qd7 14. Ng3 Bxc2 15. Qxc2 c4 16. Nh5 Bd8 17. Rae1 f6 18. Nf4 Bb6 19. Ne6 Rfe8 20. Re4 Rac8 21. Qe2 Qf7 22. Kh1 Nd3 23. Rg4 g6 24. Ne4 Rxe6 25. dxe6 Qxe6 26. Qd1 f5 27. Ng5 Qd5 28. Nh3 fxg4 29. Qxg4 Qf5 30. Qh4 Kg7 31. Kg1 Bc5 32. g4 Ne5 33. Qxh7+ Kxh7 34. gxf5 gxf5 35. Rd1 Nd3 36. b3 b5 37. Kg2 Kg6 38. Kf3 Kf6 39. Rd2 Ne5+ 40. Ke2 Nd3 41. bxc4 bxc4 42. Rc2 Bb6 43. Kf1 Rh8 44. Ng1 Rxh2 0-1

[Event "ESTCC-50 2025"]
[Site "Swidnica"]
[Date "2025.04.07"]
[Round "3.5"]
[White "Bischoff, Klaus"]
[Black "Buckley, Graeme N"]
[Result "1-0"]
[Annotator "RC"]
[ECO "A33"]
[WhiteElo "2425"]
[BlackElo "2268"]
[PlyCount "81"]
[EventDate "2025.04.05"]
[EventType "team-tourn"]
[EventCountry "POL"]
[SourceTitle "playchess.com"]
[Source "ChessBase"]
[SourceQuality "1"]
[WhiteTeam "Germany"]
[BlackTeam "England"]
[WhiteTeamCountry "GER"]
[BlackTeamCountry "ENG"]
[TimeControl "40/5400+30:1800+30"]

1. Nf3 c5 2. c4 Nc6 3. d4 cxd4 4. Nxd4 Nf6 5. Nc3 e6 6. a3 d5 7. cxd5 exd5 8. e3 Bd6 9. Be2 O-O 10. O-O Re8 11. Bf3 Be5 12. Nce2 Qd6 13. g3 Bh3 14. Bg2 Qd7 15. Nf3 Bc7 16. b3 Ne4 17. Bb2 Bxg2 18. Kxg2 Re6 19. Nf4 Bxf4 20. exf4 Rh6 21. h4 Rd8 22. Qd3 Qg4 23. Rad1 Rg6 24. Ng5 h6 25. Qf3 Qf5 26. Nh3 Re8 27. Rfe1 Rge6 28. g4 Rg6 29. Ng5 Qd7 30. f5 Nxg5 31. hxg5 Rxe1 32. Rxe1 Rxg5 33. Bc1 Nd4 34. Qd1 Nc2 35. Re5 f6 36. Rxd5 Rxg4+ 37. Kh3 Qc6 38. Kxg4 Kh7 39. Bxh6 Ne1 40. Bf4 Qe8 41. f3 1-0

[Event "ESTCC-50 2025"]
[Site "Swidnica"]
[Date "2025.04.07"]
[Round "3.6"]
[White "Dickenson, Neil F"]
[Black "Holzke, Frank"]
[Result "0-1"]
[Annotator "RC"]
[ECO "B34"]
[WhiteElo "2250"]
[BlackElo "2412"]
[PlyCount "80"]
[EventDate "2025.04.05"]
[EventType "team-tourn"]
[EventCountry "POL"]
[SourceTitle "playchess.com"]
[Source "ChessBase"]
[SourceQuality "1"]
[WhiteTeam "England"]
[BlackTeam "Germany"]
[WhiteTeamCountry "ENG"]
[BlackTeamCountry "GER"]
[TimeControl "40/5400+30:1800+30"]

1. e4 c5 2. Nc3 Nc6 3. Nge2 g6 4. d4 cxd4 5. Nxd4 Bg7 6. Nb3 Nf6 7. Be2 O-O 8. O-O d6 9. Bg5 Bd7 10. f4 Rc8 11. Kh1 a6 12. a4 Nb4 13. Bf3 Qc7 14. Rf2 Rfd8 15. a5 b5 16. Rd2 h5 17. h3 Be6 18. Nd4 Bc4 19. f5 Nh7 20. Be3 e6 21. fxg6 fxg6 22. Nde2 Qf7 23. Bb6 Be5 24. Bd4 Nc6 25. Bxe5 dxe5 26. b3 Bxe2 27. Nxe2 Ng5 28. Ng1 Qf4 29. Rxd8+ Rxd8 30. Qe1 Nd4 31. Qc3 Qg3 32. Qd3 Kh7 33. Ne2 Qf2 34. Nxd4 Rxd4 35. Qe2 Qxe2 36. Bxe2 Nxe4 37. Kg1 Nc3 38. Re1 e4 39. g4 Rd2 40. Kf1 Kh6 0-1

[Event "ESTCC-50 2025"]
[Site "Swidnica"]
[Date "2025.04.07"]
[Round "3.7"]
[White "Boensch, Uwe"]
[Black "Duncan, Chris R"]
[Result "1-0"]
[Annotator "TA"]
[ECO "D30"]
[WhiteElo "2465"]
[BlackElo "2178"]
[PlyCount "79"]
[EventDate "2025.04.05"]
[EventType "team-tourn"]
[EventCountry "POL"]
[SourceTitle "playchess.com"]
[Source "ChessBase"]
[SourceQuality "1"]
[WhiteTeam "Germany"]
[BlackTeam "England"]
[WhiteTeamCountry "GER"]
[BlackTeamCountry "ENG"]
[TimeControl "40/5400+30:1800+30"]

1. d4 d5 2. c4 e6 3. Nf3 a6 4. cxd5 exd5 5. Nc3 c6 6. Qc2 {[%emt 0:07:47] D31: Queen's Gambit Declined: Semi-Slav without ...Nf6 (+ Marshall Gambit and Noteboom) and Exchange Variation lines without ...Nf6.} Nf6 7. Bg5 Be6 {[%emt 0:00:21] The main line 7...Be6 scores better than 7...Be7.} 8. e3 {[%emt 0:00:06] White is slightly better.} Nbd7 9. Bd3 h6 10. Bf4 Be7 11. h3 c5 12. dxc5 Nxc5 13. O-O O-O 14. Rfd1 Rc8 15. Be5 Qd7 $146 (15... Qa5 16. a3 Nxd3 17. Qxd3 Rfd8 18. b4 Qb6 19. Bd4 Qc6 20. Ne5 Qd6 21. b5 Nd7 22. Nxd7 Rxd7 {½-½ Vesterli,M (2138)-Overmark,O (1763) Copenhagen Challenge 2016 (3)}) 16. Qe2 Rfd8 17. Bc2 Qe8 18. Nd4 Ncd7 19. Bxf6 Nxf6 20. e4 dxe4 21. Nxe6 $1 fxe6 22. Nxe4 Qc6 23. Nxf6+ Bxf6 24. Bb3 Rxd1+ (24... Kh8 $11) 25. Rxd1 $16 {[%emt 0:00:02][%csl Oe6] White attacks a weakness} (25. Qxd1 Bxb2 26. Rb1 Ba3 $11) 25... Re8 26. Re1 (26. g3 $16) 26... Kf7 ({Black should try} 26... Kh8 $14) 27. Qd2 Re7 28. Qf4 {[%emt 0:00:27] White attacks} Qc5 29. Qg4 {[%emt 0:02:04][%cal Rb3e6] White is more active. Black is weak on the light squares} Qc6 30. Kh1 ({White should play} 30. Re2 $16) 30... Bxb2 31. f4 (31. h4 {keeps more tension.} b5 32. Re2 a5 33. a4) 31... Kf8 32. Bxe6 Bf6 {[%emt 0:00:32] [#]} (32... h5 $11 {remains equal.} 33. Qf5+ (33. Qxh5 $2 Rxe6 34. Qf5+ Rf6 $19) 33... Bf6) 33. f5 $1 {[%emt 0:00:41] aiming for Qg6.} Qe8 {[%emt 0:00:32] [#] This move loses the game for Black.} (33... Bg5 $16) 34. Rc1 $1 $18 Rxe6 $2 (34... Qb5 35. Qd1 Re8) 35. fxe6 {[%emt 0:00:07] KQR-KQB} Kg8 36. Rc7 Qb5 37. Rc8+ {[%emt 0:00:45] White mates.} Kh7 38. Qe4+ g6 39. Rc7+ Kh8 40. e7 {[%emt 0:00:00] Weighted Error Value: White=0.10 (very precise) /Black=0.57  Loses game:     	---       	Black=1      Mistake:       	White=2     	Black=4      Inaccurate:     	White=3     	Black=1      OK:         	White=13    	Black=9      Strong:       	White=3     	---} ({Weaker is} 40. Qxg6 Qf1+ 41. Kh2 Be5+ 42. g3 Qf2+ (42... Bxc7 43. Qe8+ Kg7 44. Qd7+ Kg6 45. Qe8+ Kg7 46. Qd7+ Kg6 47. Qe8+ Kg7 $11) 43. Kh1 Qf1+ 44. Kh2 Qe2+ 45. Kh1 Qe1+ (45... Bxc7 46. Qf6+ Kh7 47. Qf5+ Kh8 48. Qf8+ Kh7 49. Qf7+ Kh8 50. Qxc7 $11) 46. Kh2 Qf2+ (46... Bxc7 47. Qf6+ Kh7 48. Qf7+ Kh8 49. Qe8+ Kh7 50. Qf7+ Kh8 51. Qe8+ Kh7 52. Qf7+ $11) 47. Kh1 Qe1+ 48. Kg2 Qe2+ (48... Bxc7 $2 {perishes.} 49. Qe8+ Kh7 50. Qd7+ Kh8 51. Qc8+ Kg7 52. Qxc7+ Kh8 53. Qc8+ Kg7 54. Qxb7+ Kh8 55. Qc8+ Kh7 56. Qd7+ Kg8 57. Kf3 $18) 49. Kh1 Qf1+ 50. Kh2 $11) (40. Qf4 $142 Bg7 41. e7 Kh7 42. Qf7 (42. Rxb7 Qxb7 43. e8=Q Qb1+ 44. Kh2 Qd3 $18) 42... Qe2 43. Qxg7+ (43. e8=B Qe1+ 44. Kh2 Qe5+ 45. Kg1 Qe1+ 46. Qf1 Qxe8 $18) 43... Kxg7 44. e8=Q+ (44. e8=N+ $2 Kf8 $19) 44... Kf6 45. Rf7+ (45. Qxe2 b6 46. Rc6+ Kf7 47. Qe6+ Kf8 48. Rc8+ Kg7 49. Qe7#) 45... Kg5 46. Qxe2 (46. Qd8+ Kh5 47. g4+ Qxg4 48. hxg4+ Kxg4 49. Qd1+ Kg5 50. Kg2 b6 51. Kh3 h5 52. Qd2#) 46... h5 47. Qe7+ Kh6 48. Rh7#) 1-0

[Event "ESTCC-50 2025"]
[Site "Swidnica"]
[Date "2025.04.07"]
[Round "3.8"]
[White "Crocker, Philip J"]
[Black "Tischbierek, Raj"]
[Result "1/2-1/2"]
[Annotator "RC"]
[ECO "A29"]
[WhiteElo "2137"]
[BlackElo "2418"]
[PlyCount "61"]
[EventDate "2025.04.05"]
[EventType "team-tourn"]
[EventCountry "POL"]
[SourceTitle "playchess.com"]
[Source "ChessBase"]
[SourceQuality "1"]
[WhiteTeam "England"]
[BlackTeam "Germany"]
[WhiteTeamCountry "ENG"]
[BlackTeamCountry "GER"]
[TimeControl "40/5400+30:1800+30"]

1. c4 e5 2. Nc3 Nf6 3. Nf3 Nc6 4. g3 Bc5 5. Bg2 d6 6. O-O a6 7. e3 O-O 8. b3 Bg4 9. h3 Bh5 10. g4 Bg6 11. d4 Ba7 12. dxe5 dxe5 13. Ba3 Re8 14. Qxd8 Raxd8 15. Rfd1 h6 16. Nh4 Bh7 17. Nd5 Nxd5 18. Bxd5 a5 19. Nf5 Bxf5 20. gxf5 Nb4 21. Bxb4 axb4 22. Bxb7 Bc5 23. Bc6 Rf8 24. Kg2 Rd6 25. Rxd6 cxd6 26. Rd1 Rc8 27. Bd5 Kf8 28. Kf3 Ke7 29. Ke4 Kf6 30. Rg1 Rc7 31. f3 1/2-1/2

[Event "ESTCC-50 2025"]
[Site "Swidnica"]
[Date "2025.04.07"]
[Round "3.9"]
[White "Lalic, Susan K"]
[Black "Rogowski, Jaroslaw"]
[Result "0-1"]
[Annotator "RC"]
[ECO "B03"]
[WhiteElo "2227"]
[BlackElo "2050"]
[PlyCount "132"]
[EventDate "2025.04.05"]
[EventType "team-tourn"]
[EventCountry "POL"]
[SourceTitle "playchess.com"]
[Source "ChessBase"]
[SourceQuality "1"]
[WhiteTeam "England"]
[BlackTeam "Poland"]
[WhiteTeamCountry "ENG"]
[BlackTeamCountry "POL"]
[TimeControl "40/5400+30:1800+30"]

1. e4 Nf6 2. e5 Nd5 3. d4 d6 4. c4 Nb6 5. exd6 cxd6 6. Nc3 g6 7. h3 Bg7 8. Nf3 O-O 9. Be2 Nc6 10. O-O Bf5 11. d5 Na5 12. Nd4 Naxc4 13. a4 a5 14. Nxf5 gxf5 15. Re1 Re8 16. Bxc4 Nxc4 17. Qd3 Qc8 18. Qg3 Kh8 19. Qh4 Ne5 20. Bh6 Rg8 21. Bxg7+ Rxg7 22. Rxe5 dxe5 23. Qxe7 Qd8 24. Qxe5 Qg5 25. g3 f6 26. Qd4 f4 27. Re1 fxg3 28. f4 Qf5 29. Kg2 Rg6 30. Qe4 Qxe4+ 31. Rxe4 Rd8 32. Rd4 f5 33. Nb5 Kg8 34. d6 Kf7 35. Rd5 Rf6 36. Kxg3 Rd7 37. Re5 Rg6+ 38. Kf3 Kf6 39. Nc7 Rg1 40. Nd5+ Kf7 41. Rxf5+ Ke6 42. Ne3 Rxd6 43. Rxa5 Rb6 44. Rh5 Rxb2 45. Rxh7 Ra1 46. f5+ Kf6 47. Rh6+ Kf7 48. Rh7+ Kg8 49. Rh4 Ra3 50. Re4 Rab3 51. h4 Rb4 52. Nc4 Rh2 53. Rg4+ Kf8 54. Ne3 Rxh4 55. Rxh4 Rxh4 56. Ng4 Rh3+ 57. Kf4 Ra3 58. Ne5 Rxa4+ 59. Kg5 b5 60. f6 Ra1 61. Kf5 b4 62. Ng6+ Ke8 63. Ke6 Ra6+ 64. Kf5 b3 65. Ne5 Ra5 66. Ke6 Rxe5+ 0-1

[Event "ESTCC-50 2025"]
[Site "Swidnica"]
[Date "2025.04.07"]
[Round "3.10"]
[White "Ograbek, Grzegorz"]
[Black "Regan, Natasha K"]
[Result "1/2-1/2"]
[Annotator "RC"]
[ECO "D26"]
[WhiteElo "2068"]
[BlackElo "2056"]
[PlyCount "122"]
[EventDate "2025.04.05"]
[EventType "team-tourn"]
[EventCountry "POL"]
[SourceTitle "playchess.com"]
[Source "ChessBase"]
[SourceQuality "1"]
[WhiteTeam "Poland"]
[BlackTeam "England"]
[WhiteTeamCountry "POL"]
[BlackTeamCountry "ENG"]
[TimeControl "40/5400+30:1800+30"]

1. d4 d5 2. c4 dxc4 3. Nf3 Nf6 4. e3 e6 5. Bxc4 a6 6. O-O Nbd7 7. a4 c5 8. Qe2 Qc7 9. Nc3 Bd6 10. dxc5 Qxc5 11. e4 Ng4 12. e5 Ndxe5 13. Ne4 Qc7 14. Nxe5 Nxe5 15. Nxd6+ Qxd6 16. Bf4 f6 17. Rfe1 Bd7 18. Bxe5 fxe5 19. Qh5+ g6 20. Qxe5 Qxe5 21. Rxe5 Kf7 22. a5 Rac8 23. b3 Rc6 24. Rd1 Bc8 25. f4 Ke7 26. Kf2 Rf8 27. Ke3 Rf5 28. Rdd5 Rxe5+ 29. Rxe5 Bd7 30. h4 Rd6 31. h5 Bc6 32. g4 Bg2 33. hxg6 hxg6 34. Rg5 Kf7 35. f5 gxf5 36. Rxf5+ Kg6 37. Re5 Kf6 38. Rh5 b5 39. axb6 Rxb6 40. Kf4 Rd6 41. Rh6+ Kg7 42. Rxe6 Rxe6 43. Bxe6 a5 44. Ke5 Kg6 45. Kd6 Kg5 46. Kc5 Bf3 47. Kb5 Bd1 48. Ka4 Kf4 49. Ka3 Kg5 50. Kb2 Kf4 51. Kc3 Kg5 52. Bd7 Kf4 53. Kc4 Kg5 54. Kc3 Kf4 55. Bf5 Kg5 56. Kb2 Kf4 57. Ka3 Kg5 58. Ka4 Kf4 59. Be6 Kg5 60. Kxa5 Bxb3 61. Bxb3 Kxg4 1/2-1/2

[Event "ESTCC-50 2025"]
[Site "Swidnica"]
[Date "2025.04.07"]
[Round "3.11"]
[White "Jackson, Sheila"]
[Black "Czyz, Andrzej"]
[Result "1-0"]
[Annotator "RC"]
[ECO "C08"]
[WhiteElo "2031"]
[BlackElo "1985"]
[PlyCount "118"]
[EventDate "2025.04.05"]
[EventType "team-tourn"]
[EventCountry "POL"]
[SourceTitle "playchess.com"]
[Source "ChessBase"]
[SourceQuality "1"]
[WhiteTeam "England"]
[BlackTeam "Poland"]
[WhiteTeamCountry "ENG"]
[BlackTeamCountry "POL"]
[TimeControl "40/5400+30:1800+30"]

1. e4 e6 2. d4 d5 3. Nd2 c5 4. exd5 exd5 5. Bb5+ Nc6 6. Qe2+ Qe7 7. dxc5 Qxe2+ 8. Nxe2 Bxc5 9. Nb3 Bb6 10. c3 Nf6 11. O-O O-O 12. Bf4 Bg4 13. h3 Be6 14. Rad1 a6 15. Bd3 Rfe8 16. Ned4 h6 17. Rfe1 Bd7 18. Nf5 Be6 19. Nbd4 Nxd4 20. Nxd4 Bxd4 21. cxd4 Rac8 22. Rc1 Rxc1 23. Rxc1 Rc8 24. Rxc8+ Bxc8 25. Bd6 Ne4 26. Bb4 f5 27. f3 Nf6 28. Kf2 Kf7 29. h4 h5 30. Kg3 g6 31. Kf4 Ke6 32. Kg5 Kf7 33. Bd6 Bd7 34. Be5 Nh7+ 35. Kf4 Nf6 36. Bc2 Nh7 37. a4 Nf8 38. Bd6 Nh7 39. Ke5 Nf6 40. Bb3 Bc6 41. Bc7 Nd7+ 42. Kd6 Nf6 43. Bd8 Ne8+ 44. Ke5 Ng7 45. Bxd5+ Bxd5 46. Kxd5 Ne6 47. Bg5 b5 48. a5 b4 49. b3 Nc7+ 50. Kc6 Nb5 51. Be3 f4 52. Bf2 Ke6 53. d5+ Ke5 54. Kc5 Nc7 55. Bd4+ Kf5 56. Kc6 Nb5 57. Bc5 g5 58. hxg5 Kxg5 59. d6 Nxd6 1-0

[Event "ESTCC-50 2025"]
[Site "Swidnica"]
[Date "2025.04.07"]
[Round "3.12"]
[White "Wielosz, Jaroslaw"]
[Black "Fink-Nunn, Petra"]
[Result "1-0"]
[Annotator "RC"]
[ECO "A13"]
[WhiteElo "1939"]
[BlackElo "1997"]
[PlyCount "81"]
[EventDate "2025.04.05"]
[EventType "team-tourn"]
[EventCountry "POL"]
[SourceTitle "playchess.com"]
[Source "ChessBase"]
[SourceQuality "1"]
[WhiteTeam "Poland"]
[BlackTeam "England"]
[WhiteTeamCountry "POL"]
[BlackTeamCountry "ENG"]
[TimeControl "40/5400+30:1800+30"]

1. c4 e6 2. Nf3 d5 3. d4 Nf6 4. g3 Bb4+ 5. Bd2 Be7 6. Bg2 O-O 7. O-O c6 8. Qc2 Nbd7 9. Rd1 b6 10. b3 Ba6 11. a4 Ne4 12. Be1 f5 13. a5 Qc8 14. Nfd2 Bf6 15. Nxe4 fxe4 16. Bh3 Re8 17. e3 Bb7 18. axb6 axb6 19. Rxa8 Bxa8 20. cxd5 exd5 21. Nc3 Rd8 22. Nxd5 cxd5 23. Qxc8 Rxc8 24. Bxd7 Rc2 25. Ra1 Bb7 26. Bb4 Kf7 27. Kg2 Be7 28. Bxe7 Kxe7 29. Bb5 Bc8 30. Ra7+ Kf6 31. h3 Rb2 32. Ba4 b5 33. Bxb5 Rxb3 34. Bc6 Be6 35. Ra5 Rc3 36. Bxd5 Bf5 37. Ra6+ Kg5 38. Be6 Bg6 39. Bg4 h5 40. h4+ Kh6 41. Bf5 1-0

[Event "ESTCC-50 2025"]
[Site "Swidnica"]
[Date "2025.04.07"]
[Round "3.13"]
[White "Zych, Marek"]
[Black "Adams, Michael"]
[Result "0-1"]
[Annotator "TA"]
[ECO "D02"]
[WhiteElo "1942"]
[BlackElo "2661"]
[PlyCount "60"]
[EventDate "2025.04.05"]
[EventType "team-tourn"]
[EventCountry "POL"]
[SourceTitle "playchess.com"]
[Source "ChessBase"]
[SourceQuality "1"]
[WhiteTeam "Poland"]
[BlackTeam "England"]
[WhiteTeamCountry "POL"]
[BlackTeamCountry "ENG"]
[TimeControl "40/5400+30:1800+30"]

1. Nf3 d5 2. d4 Nf6 3. g3 c5 4. Bg2 cxd4 5. O-O h6 6. b3 {[%emt 0:01:30][%cal Oc1b2] D02: 1 d4 d5 2 Nf3 sidelines, including 2...Nf6 3 g3 and 2...Nf6 3 Bf4.} e6 7. Bb2 Bc5 8. Bxd4 {[%emt 0:06:37] The position is equal.} Bxd4 9. Qxd4 Nc6 10. Qb2 O-O 11. Rd1 Qc7 $146 (11... Qe7 12. c4 dxc4 13. bxc4 Qc7 14. Nc3 a6 15. Na4 Na5 16. Rac1 Bd7 17. Nb6 Rad8 {0-1 Brejnik,G (2214)-Nastore,P (2244) Titled Tuesday intern op 18th Jun Early blitz 2024 (6)}) 12. c4 dxc4 13. bxc4 Bd7 14. Na3 Rfd8 15. Rab1 Be8 16. Nb5 Qe7 17. Ne5 a6 18. Nxc6 Bxc6 19. Bxc6 bxc6 20. Nd4 Qc5 21. e3 Rac8 22. Qb7 a5 (22... Qxc4 23. Rdc1 Qa4 (23... Qxa2 24. Nxc6 Ng4 25. Rb2 $16) 24. Nxc6 (24. Rxc6 Rxc6 25. Nxc6 Rd1+ 26. Rxd1 Qxd1+ 27. Kg2 Qd5+ 28. Kg1 Qxa2 $17) 24... Rxc6 25. Rxc6 (25. Qxc6 $2 Rd1+ 26. Kg2 Qxc6+ 27. Rxc6 Rxb1 $19) 25... Rd1+ 26. Rxd1 Qxd1+ 27. Kg2 Qd5+ 28. e4 Qxe4+ 29. Kf1 Qh1+ 30. Ke2 Qe4+ 31. Kd2 Qd4+ 32. Ke1) 23. Nb3 Qf5 24. Qb6 {[%emt 0:09:21] Wards off e5} ({White should try} 24. Rxd8+ $11 Rxd8 25. Nd4) 24... Rxd1+ $15 25. Rxd1 Ne4 (25... Ng4 $15 26. Rf1 Qh5) 26. f4 ({Not} 26. Rd8+ $2 Kh7 27. Rd2 Nxd2 28. Nxd2 a4 $19) (26. Rf1 $1 $11) 26... Qh5 $36 {[%emt 0:02:17][%mdl 2048] Keeping White busy.} 27. Rd8+ {[%emt 0:01:53][%mdl 8192] [#] Loses the game.} (27. Rf1 $17) 27... Kh7 $1 $19 {[%emt 0:00:55] Strongly threatening ...Rxd8. Black is clearly winning.} ({Less strong is} 27... Rxd8 28. Qxd8+ Kh7 29. Qd3 $17) 28. Rd4 Qf3 {[%emt 0:01:36] ( -> ...Qf2+)} 29. Rxe4 Qxe4 30. Nxa5 Ra8 {[%emt 0:01:31] Weighted Error Value: White=0.51/Black=0.05 (flawless)   Loses game:     	White=1     	---        Mistake:       	White=2     	Black=1      Inaccurate:     	White=1     	---        OK:         	White=9     	Black=12     Best:        	White=1     	Black=1      Strong:       	---       	Black=1} 0-1

[Event "ESTCC-50 2025"]
[Site "Swidnica"]
[Date "2025.04.07"]
[Round "3.14"]
[White "Emms, John M"]
[Black "Szmyd, Marek"]
[Result "1-0"]
[Annotator "RC"]
[ECO "B30"]
[WhiteElo "2411"]
[BlackElo "1900"]
[PlyCount "81"]
[EventDate "2025.04.05"]
[EventType "team-tourn"]
[EventCountry "POL"]
[SourceTitle "playchess.com"]
[Source "ChessBase"]
[SourceQuality "1"]
[WhiteTeam "England"]
[BlackTeam "Poland"]
[WhiteTeamCountry "ENG"]
[BlackTeamCountry "POL"]
[TimeControl "40/5400+30:1800+30"]

1. e4 c5 2. Nf3 Nc6 3. Bb5 d6 4. O-O e5 5. c3 a6 6. Bxc6+ bxc6 7. d4 cxd4 8. cxd4 Qc7 9. dxe5 dxe5 10. Qc2 Nf6 11. Nxe5 Bb7 12. Nc4 Be7 13. Nc3 O-O 14. h3 Rfe8 15. Be3 c5 16. Rad1 Rad8 17. Rfe1 Rxd1 18. Rxd1 Bf8 19. f3 Bc6 20. Qd2 Bb5 21. Bf4 Qa7 22. Nd6 Bxd6 23. Qxd6 c4+ 24. Qd4 Qxd4+ 25. Rxd4 Rc8 26. Kf2 h6 27. Ke3 g5 28. Bd6 Be8 29. Ba3 Kg7 30. Rd6 a5 31. Ra6 Nh5 32. Bd6 Nf4 33. Be5+ Kh7 34. Bxf4 gxf4+ 35. Kxf4 Rb8 36. Nd5 Rxb2 37. Nf6+ Kh8 38. Nxe8 Rxa2 39. Nf6 Kg7 40. e5 h5 41. Ke4 1-0

[Event "ESTCC-50 2025"]
[Site "Swidnica"]
[Date "2025.04.07"]
[Round "3.15"]
[White "Zaremba, Artur"]
[Black "Davies, Nigel R"]
[Result "1/2-1/2"]
[Annotator "RC"]
[ECO "B42"]
[WhiteElo "2133"]
[BlackElo "2309"]
[PlyCount "93"]
[EventDate "2025.04.05"]
[EventType "team-tourn"]
[EventCountry "POL"]
[SourceTitle "playchess.com"]
[Source "ChessBase"]
[SourceQuality "1"]
[WhiteTeam "Poland"]
[BlackTeam "England"]
[WhiteTeamCountry "POL"]
[BlackTeamCountry "ENG"]
[TimeControl "40/5400+30:1800+30"]

1. e4 c5 2. Nf3 e6 3. d4 cxd4 4. Nxd4 a6 5. Bd3 Bc5 6. Nb3 Ba7 7. Qe2 Nc6 8. c3 d6 9. Be3 Nf6 10. N1d2 O-O 11. O-O Bxe3 12. Qxe3 e5 13. Rad1 Qc7 14. h3 Be6 15. Bc4 Nd8 16. Bxe6 Nxe6 17. Rfe1 b5 18. Nf3 Rfd8 19. g3 a5 20. a3 Qb7 21. Nh4 g6 22. Ng2 Kg7 23. f3 Rd7 24. Rd2 Qc7 25. Red1 Rad8 26. Qf2 a4 27. Nc1 d5 28. exd5 Nxd5 29. Ne3 Nxe3 30. Qxe3 Rxd2 31. Rxd2 Rxd2 32. Qxd2 e4 33. f4 Qc5+ 34. Qf2 e3 35. Qe2 Nd4 36. cxd4 Qxc1+ 37. Kg2 Qc6+ 38. Kg1 Qe4 39. d5 Kf6 40. d6 Qd4 41. Kg2 Qd5+ 42. Kg1 Qc5 43. Kg2 Qc6+ 44. Kg1 Qc1+ 45. Kg2 Ke6 46. Kf3 Qc6+ 47. Kxe3 1/2-1/2